 Dungeon Crawl Stone Soup version 0.24-a0-272-g1411513 (webtiles) character file.

Game seed: 9267399425678077879

175 terrorsythe the Skirmisher (level 5, -6/42 HPs)
             Began as a Demonspawn Abyssal Knight on Apr 25, 2019.
             Was a Believer of Lugonu.
             Splashed by Ijyb's acid (14 damage)
             ... on level 3 of the Dungeon.
             The game lasted 00:10:07 (4339 turns).

terrorsythe the Skirmisher (DsAK)                   Turns: 4339, Time: 00:10:08

Health: -6/42      AC:  5    Str: 14    XL:     5   Next: 29%
Magic:  7/7        EV:  6    Int: 10    God:    Lugonu [**....]
Gold:   158        SH:  0    Dex: 12    Spells: 4/4 levels left

rFire    . . .     SeeInvis .   a - +2 hand axe
rCold    . . .     Gourm    .   (no shield)
rNeg     . . .     Faith    .   g - +1 chain mail
rPois    .         Spirit   .   (no helmet)
rElec    .         Reflect  .   (no cloak)
rCorr    .         Harm     .   (no gloves)
MR       .....                  (no boots)
Stlth    ..........             (no amulet)
HPRegen  0.14/turn              d - -3 ring of intelligence (curse)
MPRegen  0.10/turn              (no ring)

@: corroded
A: talons 2
a: Depart the Abyss, Bend Space, Renounce Religion


You were on level 3 of the Dungeon.
You worshipped Lugonu.
Lugonu was pleased with you.
You were not hungry.

You visited 1 branch of the dungeon, and saw 3 of its levels.
You visited the Abyss 1 time.

You collected 158 gold pieces.

Inventory:

Hand Weapons
 a - a +2 hand axe (weapon)
 h - a +0 blowgun
 j - a +2 dagger of electrocution
Missiles
 n - 3 poisoned needles
Armour
 g - a +1 chain mail (worn)
Jewellery
 d - a cursed -3 ring of intelligence (left hand)
Scrolls
 b - a scroll of amnesia
 o - a scroll of blinking {unknown}
 p - a scroll of enchant armour
 q - a scroll of noise {unknown}
Potions
 e - a potion of agility
 i - a potion of curing
 k - a potion of magic
 l - a potion of heal wounds {unknown}
 m - a potion of berserk rage
Comestibles
 c - 10 rations
 f - 6 chunks of flesh


   Skills:
 + Level 3.8 Fighting
 + Level 2.5 Axes
 + Level 2.6 Armour
 + Level 2.0 Dodging
 + Level 1.1 Stealth
 + Level 3.7 Invocations


You had 4 spell levels left.
You didn't know any spells.
Your spell library was empty.

Dungeon Overview and Level Annotations

Branches:
Dungeon (3/15)

Altars:
Dithmenos

Annotations:
D:3 Ijyb


Innate Abilities, Weirdness & Mutations

You have razor-sharp toenails.


Message History

You hit the quokka. You claw the quokka.
You kill the quokka!
Lugonu accepts your kill.
No target in view!
No target in view!
Ijyb the Twisted Goblin comes into view.
She is carrying a wand of acid (6).
Found a black potion.
Ijyb is nearby!
Ijyb is nearby!
Ijyb zaps a wand.
The bolt of acid hits you!
You are splashed with acid!
Found a leather armour.
You are too injured to fight recklessly!
You are too injured to fight recklessly!
You are too injured to fight recklessly!
Your chain mail prevents you from hitting Ijyb.
Ijyb hits you but does no damage.
You hit Ijyb but do no damage.
Ijyb zaps a wand.
The bolt of acid hits you!
* * * LOW HITPOINT WARNING * * *
The acid corrodes you!
You are splashed with acid!
You die...

# ####....##.. # #### # #....####
# ###... [ ......... # #!...##.
########## # #...... ..#.. #
#.....# ###.#. # #.....# .... #
#..g..# #.### # #...@.# ####....
# #.....########......# #
#................รท... #
###.##########......# # #.#
#......# ###############.#
#......# ................#
##......#
########.....############.......#
............................#####


You could see Ijyb.

Vanquished Creatures
  A quasit (Abyss:1)
  3 adders
  3 worms
  5 dart slugs
  5 leopard geckos
  4 orcs
  3 giant cockroaches (D:3)
  12 goblins
  9 hobgoblins
  4 jackals (D:1)
  6 kobolds
  5 quokkas
  2 ball pythons
  9 bats
  2 frilled lizards (D:1)
  6 rats
79 creatures vanquished.

Notes
Turn   | Place    | Note
-------+----------+-------------------------------------------
     0 | Abyss:1  | terrorsythe the Demonspawn Abyssal Knight began the quest
                  | for the Orb.
     0 | Abyss:1  | Reached XP level 1. HP: 18/18 MP: 2/2
    68 | Abyss:1  | Noticed a quasit
    80 | Abyss:1  | Killed a quasit
    80 | Abyss:1  | Reached skill level 1 in Dodging
    80 | Abyss:1  | Gained mutation: You have sharp toenails. [demonic
                  | ancestry]
    80 | Abyss:1  | Reached XP level 2. HP: 3/24 MP: 2/4
    80 | Abyss:1  | Reached XP level 3. HP: 4/29 MP: 2/5
    84 | D:1      | Escaped the Abyss
  1488 | D:1      | Reached XP level 4. HP: 35/35 MP: 6/6
  1989 | D:2      | Reached ** piety under Lugonu
  3454 | D:3      | Gained mutation: You have razor-sharp toenails. [demonic
                  | ancestry]
  3454 | D:3      | Reached XP level 5. HP: 40/42 MP: 7/7
  3455 | D:3      | Reached skill level 1 in Stealth
  4218 | D:3      | Found a shadowy altar of Dithmenos.
  4335 | D:3      | Noticed Ijyb
  4339 | D:3      | Splashed by Ijyb's acid

Levels and vault maps discovered:
D:1:      dpeg_arrival_brainrot, layout_loops_corners
D:2:      wander_river, layout_loops_ring, minmay_tromino_i4
D:3:      layout_basic, lemuel_round_altar, first_ration, uniq_ijyb
Abyss:1:  evilmike_abyss_exit_glass

Skill      XL: |  1  2  3  4  5 |
---------------+----------------+-----
Axes           | 2 |  2.5
Armour         | 2 |  2.6
Dodging        | 1 2 |  2.0
Invocations    | 3 |  3.7
Stealth        | 1 |  1.1
Fighting       | |  3.8

Action                   |  1- 3 |  4- 6 || total
-------------------------+-------+-------++-------
Melee: Hand axe          |    72 |   148 ||   220
       Kick              |    12 |    30 ||    42
  Use: Potion            |     4 |       ||     4
       Scroll            |     3 |     7 ||    10
 Stab: Sleeping          |       |     1 ||     1
  Eat: Chunk             |     2 |     9 ||    11
Armor: Leather armour    |    29 |     4 ||    33
       Ring mail         |       |    21 ||    21
       Chain mail        |       |    45 ||    45
Dodge: Dodged            |    72 |    68 ||   140

Table legend:
 A = Non-vault XP
 B = Vault XP
 C = Vault XP percentage of total XP
 D = Non-vault monster count
 E = Vault monster count
 F = Vault count percentage of total count
                 A         B        C        D         E       F
            +---------+---------+-------+---------+---------+-------
      Total |     244 |       7 |   2.8 |      77 |       2 |   2.5
            +---------+---------+-------+---------+---------+-------
        D:1 |      50 |       5 |   9.1 |      25 |       1 |   3.8
        D:2 |      83 |       2 |   2.4 |      24 |       1 |   4.0
        D:3 |      65 |       0 |   0.0 |      27 |       0 |   0.0
    Abyss:1 |      46 |       0 |   0.0 |       1 |       0 |   0.0
            +---------+---------+-------+---------+---------+-------
